 Dungeon Crawl Stone Soup version 0.31-a0-229-g1fc7ce93e2 (webtiles) character file.

Game seed: 9873689125733010348

448 qw the Shooter (level 7, -5/42 HPs)
             Began as a Gargoyle Hexslinger on July 6, 2023.
             Slain by an ice beast (14 damage)
             ... on level 4 of the Dungeon.
             The game lasted 00:02:13 (4082 turns).

qw the Shooter (Gargoyle Hexslinger)                Turns: 4082, Time: 00:02:14

Health: -5/42      AC: 14    Str: 17    XL:     7   Next: 3%
Magic:  9/9        EV: 11    Int: 16    God:
Gold:   41         SH:  0    Dex: 13    Spells: 7/8 levels left

rFire   . . .        Y - +1 sling
rCold   . . .        (no shield)
rNeg    + . .        g - +0 ring mail
rPois   inf          o - +0 helmet of the Lute {*Slow Regen+ Str+7 Int-2}
rElec   +            (no cloak)
rCorr   .            (no gloves)
SInv    .            d - +2 pair of boots
Will    .....        (no amulet)
Stlth   +            (no ring)
HPRegen 1.07/turn    (no ring)
MPRegen 0.11/turn

%: slow self (1%)
@: about to teleport
A: sickness immunity, AC +4, negative energy resistance 1, electricity
resistance, torment resistance 1, petrification resistance, clever 1, high MP 1,
screaming 1
a: no special abilities


You were on level 4 of the Dungeon.
You visited 1 branch of the dungeon, and saw 5 of its levels.
You also visited: Sewer.

You collected 250 gold pieces.
You spent 209 gold pieces at shops.


Innate Abilities, Weirdness & Mutations

You are immune to sickness and miasma.
Your stone body is resilient. (AC +4)
You are immune to poison.
You resist negative energy. (rN+)
You are resistant to electric shocks. (rElec)
You are resistant to unholy torment.
You are immune to petrification.
Your mind is acute. (Int +4, Str/Dex -1)
You have an increased reservoir of magic. (+10% MP)
You occasionally shout uncontrollably at your foes.


   Skills:
 + Level 3.7 Fighting
 - Level 6.2 Ranged Weapons
 - Level 1.5 Armour
 - Level 1.5 Dodging
 - Level 1.0 Spellcasting
 - Level 2.6 Hexes


You had 7 spell levels left.
You knew the following spells:

 Your Spells              Type           Power      Damage    Failure   Level
a - Slow                  Hex            36%        N/A       14%         1

Your spell library contained the following spells:

 Spells                   Type           Power      Damage    Failure   Level
 Inner Flame              Hex/Fire       5%         N/A       56%         3
 Portal Projectile        Hex/Tloc       10%        N/A       56%         3
 Cause Fear               Hex            4%         N/A       80%         4

Inventory:

Hand Weapons
 Y - a +1 sling (weapon)
Armour
 d - a +2 pair of boots (worn)
 g - a +0 ring mail (worn)
 o - the +0 helmet of the Lute (worn) {*Slow Regen+ Str+7 Int-2}
   (You bought it in a shop on level 4 of the Dungeon)

   Str:       It affects your strength (+7).
   Int:       It affects your intelligence (-2).
   Regen:     It increases your rate of health regeneration.
   *Slow:     It may slow you when you take damage.
Scrolls
 a - a scroll of identify
Potions
 b - 2 potions of mutation
 e - a potion of berserk rage {unknown}
 f - a potion of degeneration {unknown}
 h - a potion of resistance {unknown}
 i - a potion of might {unknown}
 j - a potion of cancellation {unknown}
 l - a potion of invisibility {unknown}
 m - a potion of magic {unknown}

Dungeon Overview and Level Annotations

Branches:
Dungeon (5/15)              Sewer (visited)
 Temple: D:4-7

Altars:
Ashenzari
Fedhas
Kikubaaqudgha
Sif Muna

Shops:
D:4 [


Message History

A magic dart appears from out of thin air!
The magic dart hits you but does no damage.
You shoot a sling bullet.
The sling bullet closely misses the ice beast.
The orc closely misses you.
The ice beast hits you but does no damage.
Something hits you but does no damage.
You shoot a sling bullet. The sling bullet hits the ice beast.
The ice beast is lightly wounded.
The orc completely misses you. The ice beast barely misses you.
You hear some strange, mumbled words.
You are confused.
The orc barely misses you. The ice beast closely misses you.
Something hits you but does no damage. The orc hits you but does no damage.
The ice beast barely misses you. Something hits you but does no damage.
The orc closely misses you.
The ice beast hits you but does no damage.
Something hits you but does no damage. The orc hits you but does no damage.
The ice beast hits you. The ice beast freezes you!
You hear some strange, mumbled words.
A puff of flame appears from out of thin air!
The puff of flame hits you.
You feel less confused.
An orc wizard appears from thin air!
Reactivating autopickup.
The orc hits you but does no damage. The ice beast closely misses you.
The orc wizard misses you.
4081 ||| READING scroll of teleportation.
As you read the scroll of teleportation, it crumbles to dust.
You feel strangely unstable. The orc hits you but does no damage.
The ice beast hits you but does no damage.
The orc wizard hits you but does no damage.
You shoot a sling bullet. The sling bullet hits the orc wizard.
The orc wizard is heavily wounded.
The orc hits you but does no damage. The ice beast hits you.
The ice beast freezes you!
You die...

.................###.#..'.'..#.#.
.................#.#.####.####.#.
.................#.............#.
.....>...........#.#############.
.................#....#....'.....
.................##'####...#.....
'############'#........#...##....
..............#Y.o.....'....#....
..............#o@......#....#....
..............#........#....'....
..######.######........#.####....
####..##.##...#.....#'####.......
#...........'.....#....#.......
#...........#.....'....#.......
#...........#.....#....#.......
#...........#.....#....#.......
#...........#.....#....#.......


You could see an ice beast, an orc wizard and an orc.

Vanquished Creatures
  2 bullfrogs (Sewer)
  An iguana (D:4)
  14 adders
  3 gnolls (D:3)
  A worm (D:4)
  2 dart slugs
  8 orcs
  6 bats
  15 endoplasms
  10 giant cockroaches
  6 goblins
  18 hobgoblins
  5 jackals (D:3)
  13 quokkas
  8 ball pythons
  13 frilled lizards
  5 kobolds
  4 rats
134 creatures vanquished.

Notes
Turn   | Place    | Note
-------+----------+-------------------------------------------
     0 | D:1      | qw the Gargoyle Hexslinger began the quest for the Orb.
     0 | D:1      | Reached XP level 1. HP: 12/12 MP: 2/2
     0 | D:1      | 0 ||| qw: Version: 0.3-a-46-gb1f654a
     0 | D:1      | 0 ||| qw: Game counter: 1478
     0 | D:1      | 0 ||| qw: Melee chars always use a shield: true
     0 | D:1      | 0 ||| qw: God list: Okawaru
     0 | D:1      | 0 ||| qw: Allow faded altars: false
     0 | D:1      | 0 ||| qw: Do Orc after clearing Dungeon:15 true
     0 | D:1      | 0 ||| qw: Do second Lair branch before Depths: true
     0 | D:1      | 0 ||| qw: Lair rune preference: random
     0 | D:1      | 0 ||| qw: Goals: Normal
     0 | D:1      | 0 ||| PLANNING D:1-11
   115 | D:1      | Reached XP level 2. HP: 16/16 MP: 3/3
   185 | D:1      | Reached skill level 3 in Ranged Weapons
   306 | D:1      | 306 ||| FLEEEEING.
   307 | D:1      | 307 ||| FLEEEEING.
   308 | D:1      | 308 ||| FLEEEEING.
   309 | D:1      | 309 ||| FLEEEEING.
   310 | D:1      | 310 ||| FLEEEEING.
   311 | D:1      | 311 ||| FLEEEEING.
   312 | D:1      | 312 ||| FLEEEEING.
   313 | D:1      | 313 ||| FLEEEEING.
   670 | D:1      | Reached XP level 3. HP: 21/21 MP: 4/4
   722 | D:1      | 722 ||| UPGRADING to +0 pair of boots.
   727 | D:1      | 727 ||| UPGRADING to +0 leather armour.
   737 | D:1      | 737 ||| DROPPING +0 robe.
   738 | D:1      | 738 ||| READING scroll labelled PUHAGG MITIXTU.
   739 | D:1      | 739 ||| READING 2 scrolls labelled LISEZO XUATWOSK.
   742 | D:1      | 742 ||| READING 2 scrolls labelled NOESAMM PAMO.
   743 | D:1      | 743 ||| READING scroll labelled YNINABY JOMPURELI.
   744 | D:1      | 744 ||| READING scroll labelled XUELOO XEFFOST.
   845 | D:1      | 845 ||| DROPPING scroll of poison.
   846 | D:1      | 846 ||| DROPPING scroll of summoning.
  1457 | D:2      | Reached XP level 4. HP: 10/26 MP: 5/5
  1457 | D:2      | HP: 6/26 [frozen (4)]
  1458 | D:2      | 1458 ||| READING 2 scrolls of teleportation.
  1622 | D:2      | 1622 ||| READING scroll labelled TIAMO RONWESCHO.
  1623 | D:2      | 1623 ||| DRINKING 2 fuming dark potions.
  1623 | D:2      | Gained mutation: Your mind is acute. (Int +4, Str/Dex -1)
                  | [potion of mutation]
  1623 | D:2      | Gained mutation: You occasionally shout uncontrollably at
                  | your foes. [potion of mutation]
  1623 | D:2      | Gained mutation: You have an increased reservoir of magic.
                  | (+10% MP) [potion of mutation]
  1633 | D:2      | 1633 ||| DRINKING 2 silvery potions.
  1634 | D:2      | 1634 ||| READING 2 scrolls of identify.
  1634 | D:2      | 1634 ||| IDENTIFYING puce potion
  1635 | D:2      | 1635 ||| DROPPING potion of lignification.
  1691 | D:3      | 1691 ||| PLANNING SEWER
  1728 | D:3      | Reached skill level 4 in Ranged Weapons
  1734 | D:3      | Found an ancient bone altar of Kikubaaqudgha.
  1965 | D:3      | Found a blossoming altar of Fedhas.
  1986 | D:3      | Reached XP level 5. HP: 29/30 MP: 7/7
  2022 | D:3      | Found a broken altar of Ashenzari.
  2073 | D:3      | Found a glowing drain.
  2074 | D:3      | 2074 ||| READING scroll labelled NIENA UXAPALARY.
  2090 | D:3      | Reached skill level 5 in Ranged Weapons
  2129 | Sewer    | Entered a sewer
  2141 | Sewer    | 2141 ||| Stepping ~*~*~tactically~*~*~ (water).
  2144 | Sewer    | 2144 ||| Stepping ~*~*~tactically~*~*~ (water).
  2206 | Sewer    | 2206 ||| Stepping ~*~*~tactically~*~*~ (water).
  2224 | Sewer    | 2224 ||| Stepping ~*~*~tactically~*~*~ (water).
  2235 | Sewer    | 2235 ||| Stepping ~*~*~tactically~*~*~ (water).
  2244 | Sewer    | Reached skill level 3 in Fighting
  2284 | Sewer    | 2284 ||| Stepping ~*~*~tactically~*~*~ (water).
  2317 | Sewer    | 2317 ||| Stepping ~*~*~tactically~*~*~ (water).
  2334 | Sewer    | 2334 ||| Stepping ~*~*~tactically~*~*~ (water).
  2342 | Sewer    | 2342 ||| Stepping ~*~*~tactically~*~*~ (water).
  2348 | Sewer    | 2348 ||| Stepping ~*~*~tactically~*~*~ (water).
  2350 | Sewer    | 2350 ||| Stepping ~*~*~tactically~*~*~ (water).
  2354 | Sewer    | 2354 ||| Stepping ~*~*~tactically~*~*~ (water).
  2356 | Sewer    | 2356 ||| Stepping ~*~*~tactically~*~*~ (water).
  2358 | Sewer    | 2358 ||| Stepping ~*~*~tactically~*~*~ (water).
  2385 | Sewer    | 2385 ||| Stepping ~*~*~tactically~*~*~ (water).
  2390 | Sewer    | 2390 ||| Stepping ~*~*~tactically~*~*~ (water).
  2412 | Sewer    | 2412 ||| Stepping ~*~*~tactically~*~*~ (water).
  2446 | Sewer    | 2446 ||| Stepping ~*~*~tactically~*~*~ (water).
  2449 | Sewer    | Reached XP level 6. HP: 37/37 MP: 8/8
  2468 | Sewer    | 2468 ||| Stepping ~*~*~tactically~*~*~ (water).
  2509 | Sewer    | HP: 9/37 [bullfrog (2)]
  2510 | Sewer    | 2510 ||| READING scroll of teleportation.
  2511 | Sewer    | 2511 ||| DRINKING potion of heal wounds.
  2515 | Sewer    | 2515 ||| Stepping ~*~*~tactically~*~*~ (water).
  2523 | Sewer    | Reached skill level 6 in Ranged Weapons
  2586 | Sewer    | 2586 ||| READING scroll labelled WEVVEG FYAZA.
  2601 | D:3      | 2601 ||| PLANNING D:1-11
  3066 | D:4      | Reached skill level 1 in Armour
  3148 | D:4      | 3148 ||| READING scroll labelled ATHRAHEDITU.
  3290 | D:4      | Found a shimmering blue altar of Sif Muna.
  3301 | D:4      | Identified the +7 rapier of Tafokium {flame, rPois}
  3508 | D:4      | Reached XP level 7. HP: 41/41 MP: 9/9
  3548 | D:4      | 3548 ||| READING scroll of enchant armour.
  3548 | D:4      | 3548 ||| ENCHANTING +0 pair of boots.
  3719 | D:4      | Found Munt's Armour Shoppe.
  3727 | D:4      | 3727 ||| BUYING +0 helmet (45 gold).
  3727 | D:4      | Bought a +0 helmet for 45 gold pieces
  3727 | D:4      | 3727 ||| BUYING +0 helmet of the Lute {*Slow Regen+ Str+7
                  | Int-2} (164 gold).
  3727 | D:4      | Bought the +0 helmet of the Lute {*Slow Regen+ Str+7 Int-2}
                  | for 164 gold pieces
  3727 | D:4      | 3727 ||| SHOPLISTING +2 robe of willpower (177 gold, have
                  | 34).
  3871 | D:4      | 3871 ||| READING scroll of enchant armour.
  3871 | D:4      | 3871 ||| ENCHANTING +1 pair of boots.
  3972 | D:4      | 3972 ||| UPGRADING to +0 ring mail.
  3982 | D:4      | 3982 ||| DROPPING +0 leather armour.
  3983 | D:4      | 3983 ||| UPGRADING to +0 helmet.
  3988 | D:4      | 3988 ||| UPGRADING to +0 helmet of the Lute {*Slow Regen+
                  | Str+7 Int-2}.
  3998 | D:4      | 3998 ||| DROPPING +0 helmet.
  3999 | D:4      | 3999 ||| READING 2 scrolls of identify.
  3999 | D:4      | 3999 ||| IDENTIFYING golden potion
  4000 | D:4      | 4000 ||| DROPPING potion of attraction.
  4043 | D:5      | Entered Level 5 of the Dungeon
  4057 | D:5      | 4057 ||| STAIRDANCE
  4079 | D:4      | HP: 8/42 [ice beast (11)]
  4081 | D:4      | 4081 ||| READING scroll of teleportation.
  4082 | D:4      | Slain by an ice beast

Levels and vault maps discovered:
D:1:      minmay_arrival_cross, layout_loops_cross, dreamdust_princess_corridor,
          wander_ebering_terrifying_dragon_lair
D:2:      layout_loops_cross, hangedman_feature_mirror
D:3:      layout_loops_ring, mainiacjoe_overflow_brackets,
          mainiacjoe_overflow_chevrons, ashenzari_altar_1, gup_sewer_entry_glass
D:4:      minmay_door_path, layout_gridville,
          mainiacjoe_overflow_six_doors_small, serial_shops, shop
D:5:      layout_basic, nicolae_letterblocks [nicolae_letter_subblock,
          nicolae_letter_subblock, nicolae_letter_subblock,
          nicolae_letter_subblock, nicolae_letter_subblock,
          nicolae_letter_subblock, nicolae_letter_subblock,
          nicolae_letter_subblock, nicolae_letter_subblock,
          nicolae_letter_subblock, nicolae_letter_subblock,
          nicolae_letter_subblock, nicolae_letter_subblock,
          nicolae_letter_subblock, nicolae_letter_subblock,
          nicolae_letter_subblock, nicolae_letter_subblock,
          nicolae_letter_subblock, nicolae_letter_subblock,
          nicolae_letter_subblock, nicolae_letter_subblock,
          nicolae_letter_subblock, nicolae_letter_subblock,
          nicolae_letter_subblock, nicolae_letter_subblock]

Skill      XL: |  1  2  3  4  5  6 |
---------------+-------------------+-----
Ranged Weapons | 3 4 5 6 |  6.2
Fighting       | 2 3 |  3.7
Armour         | 1 |  1.5
Dodging        | |  1.5
Spellcasting   | |  1.0
Hexes          | |  2.6

Action                     |  1- 3 |  4- 6 |  7- 9 || total
---------------------------+-------+-------+-------++-------
   Fire: Sling             |   132 |   395 |    45 ||   572
    Use: Scroll            |     5 |     7 |     4 ||    16
         Potion            |       |     3 |       ||     3
 Armour: Robe              |    13 |       |       ||    13
         Leather armour    |    20 |   137 |     3 ||   160
         Ring mail         |       |       |    62 ||    62
  Dodge: Dodged            |    55 |   181 |    41 ||   277

Table legend:
 A = Non-vault XP
 B = Vault XP
 C = Vault XP percentage of total XP
 D = Non-vault monster count
 E = Vault monster count
 F = Vault count percentage of total count
                 A         B        C        D         E       F
            +---------+---------+-------+---------+---------+-------
      Total |     239 |     401 |  62.7 |      76 |      58 |  43.3
            +---------+---------+-------+---------+---------+-------
        D:1 |      33 |       1 |   2.9 |      19 |       1 |   5.0
        D:2 |      23 |      32 |  58.2 |      14 |       4 |  22.2
        D:3 |     101 |      54 |  34.8 |      26 |       5 |  16.1
        D:4 |      76 |      33 |  30.3 |      15 |       5 |  25.0
        D:5 |       6 |       0 |   0.0 |       2 |       0 |   0.0
      Sewer |       0 |     281 | 100.0 |       0 |      43 | 100.0
            +---------+---------+-------+---------+---------+-------
